[Event "Titled Tuesday Blitz August 1 Early 2023"]
[White "Bettalli, Francesco"]
[Black "Ozates, Tuna"]
[WhiteFideId "2816453"]
[BlackFideId "6354521"]
[WhiteElo "2495"]
[BlackElo "2612"]
[Result "0-1"]
[Round "8"]
[TimeControl "180+1"]
[Date "2023.08.01"]
[WhiteClock "0:00:41"]
[BlackClock "0:00:04"]
[Board "80"]

1. e4 c5 2. Nc3 Nc6 3. Bb5 Nd4 4. Nf3 a6 5. Bd3 g6 6. O-O Bg7 7. Rb1 d6 8. b4 Bg4 9. Be2 Bxf3 10. Bxf3 cxb4 11. Rxb4 b5 12. Nd5 e6 13. Ne3 Rc8 14. c3 Nc6 15. Rb1 Nge7 16. a4 Qa5 17. axb5 axb5 18. Be2 b4 19. Nc4 Qc7 20. cxb4 Nd4 21. Bd3 d5 22. Ne3 dxe4 23. Bxe4 f5 24. Bf3 g5 25. Bh5+ Ng6 26. b5 Be5 27. h3 O-O 28. b6 Qb7 29. Ba3 Rfd8 30. Qa4 Nf4 31. Bd1 Ra8 32. Qb4 Nc6 33. Qb3 Rd3 34. Qc2 Nd4 35. Qc5 Rxe3 36. f3 Nd3 37. Qe7 Qxe7 38. Bxe7 Re2 39. b7 Rb8 40. Bxg5 Kf7 41. Be3 f4 42. Bxd4 Bxd4+ 43. Kh1 Rxd2 44. Bb3 Nf2+ 45. Kh2 Nd3 46. Bc4 Ne5 47. Ba6 Rg8 48. Rg1 Bxg1+ 49. Rxg1 Nxf3+ 50. Kh1 Nxg1 51. h4 Nf3 52. gxf3 Rb2 53. h5 Rd8 54. b8=Q Rd1+ 55. Bf1 Rxf1# 0-1


[Site "https://www.chess.com"]

[Event "Titled Tuesday Blitz August 1 Early 2023"]
[White "Perdomo, Carlos Andres"]
[Black "Mmukka"]
[WhiteFideId "4400852"]
[WhiteElo "2607"]
[BlackElo "2487"]
[Result "1-0"]
[Round "8"]
[TimeControl "180+1"]
[Date "2023.08.01"]
[WhiteClock "0:01:47"]
[BlackClock "0:00:10"]
[Board "81"]

1. Nf3 Nf6 2. c4 g6 3. b3 Bg7 4. Bb2 O-O 5. e3 d6 6. Be2 Nbd7 7. d4 e5 8. dxe5 Ng4 9. O-O Ngxe5 10. Nxe5 Nxe5 11. Nc3 a5 12. Qd2 h5 13. Rad1 Bg4 14. f3 Be6 15. e4 h4 16. f4 Nc6 17. f5 Bd7 18. f6 Bxf6 19. Rxf6 Qxf6 20. Nd5 Qd8 21. Nf6+ Kg7 22. Nxd7+ Ne5 23. Nxf8 Qxf8 24. Qg5 Re8 25. Qxh4 f6 26. Bxe5 Rxe5 27. Bf3 Qe7 28. Qf2 c6 29. Qb6 f5 30. Qd4 Kg8 31. Qxd6 Qxd6 32. Rxd6 fxe4 33. Bg4 e3 34. Kf1 Re4 35. Bf3 Re7 36. Rxg6+ Kf7 37. Rd6 b5 38. Rxc6 bxc4 39. Rxc4 Kf6 40. Ke2 Rd7 41. Kxe3 Re7+ 42. Re4 Rd7 43. Rd4 Rc7 44. Rd2 Rc3+ 45. Kf2 1-0


[Site "https://www.chess.com"]

[Event "Titled Tuesday Blitz August 1 Early 2023"]
[White "Jain Kashish Manoj"]
[Black "Nareks, Matic"]
[WhiteFideId "35081098"]
[BlackFideId "14629526"]
[WhiteElo "2606"]
[BlackElo "2486"]
[Result "1/2-1/2"]
[Round "8"]
[TimeControl "180+1"]
[Date "2023.08.01"]
[WhiteClock "0:00:09"]
[BlackClock "0:00:47"]
[Board "82"]

1. e4 d5 2. exd5 Qxd5 3. Nc3 Qa5 4. d4 Nf6 5. Bc4 Bg4 6. f3 Bf5 7. Ne2 Nc6 8. O-O O-O-O 9. Be3 e5 10. d5 Bc5 11. Bf2 Bxf2+ 12. Rxf2 Nb4 13. Ng3 Bg6 14. Kh1 Nfxd5 15. Nxd5 Nxd5 16. Qe1 Qxe1+ 17. Rxe1 f6 18. a3 c6 19. Bb3 Ne7 20. h4 h5 21. f4 Rd4 22. fxe5 Rxh4+ 23. Kg1 f5 24. Be6+ Kc7 25. Nxf5 Bxf5 26. Bxf5 Rf8 27. Bd3 Rxf2 28. Kxf2 Rf4+ 29. Kg3 g5 30. Kh3 Kd7 31. b3 Ke6 32. Bc4+ Nd5 33. g3 Rf2 34. Bd3 Ne7 35. Bc4+ Nd5 36. Bd3 b5 37. Be2 g4+ 38. Kh4 Rh2+ 39. Kg5 Ne3 40. Bd3 Nxc2 41. Bf5+ Ke7 42. Rd1 Ne3 43. Rd7+ Ke8 44. Be6 a5 45. Ra7 Rf2 46. Bd7+ Kd8 47. Bxc6 b4 48. e6 Rf5+ 49. Kg6 Re5 50. axb4 axb4 51. Kf6 Rf5+ 52. Kg6 Re5 53. Bd7 Nd5 54. Ra8+ Ke7 55. Rh8 Nf6 56. Bc8 Ne4 57. Rh7+ Kd6 58. Rxh5 Rxh5 59. Kxh5 Nxg3+ 60. Kxg4 Ne2 61. Kf5 Ke7 62. Ba6 Nd4+ 63. Ke5 Nxb3 64. Bc4 Nc5 65. Kd4 Nxe6+ 66. Bxe6 Kxe6 67. Kc4 b3 68. Kxb3 1/2-1/2


[Site "https://www.chess.com"]

[Event "Titled Tuesday Blitz August 1 Early 2023"]
[White "Burmakin, Vladimir"]
[Black "Kuznetsov, Mikhail"]
[WhiteFideId "4105109"]
[BlackFideId "4117190"]
[WhiteElo "2606"]
[BlackElo "2476"]
[Result "1-0"]
[Round "8"]
[TimeControl "180+1"]
[Date "2023.08.01"]
[WhiteClock "0:01:03"]
[BlackClock "0:00:00"]
[Board "83"]

1. c4 Nf6 2. g3 g6 3. Bg2 d5 4. cxd5 Nxd5 5. Nc3 Nb6 6. Nf3 Bg7 7. O-O O-O 8. d3 Nc6 9. a3 e5 10. Bg5 Bf6 11. Bxf6 Qxf6 12. Rc1 Qe7 13. Ne4 Nd7 14. Qc2 f5 15. Nc5 Nxc5 16. Qxc5 Qxc5 17. Rxc5 Re8 18. e3 Bd7 19. Rfc1 h6 20. b4 a6 21. Nd2 Rad8 22. Kf1 Re6 23. Bd5 Kf8 24. Bxe6 Bxe6 25. Ke2 Ke7 26. Rxc6 bxc6 27. Rxc6 a5 28. Rxc7+ Kd6 29. Rg7 axb4 30. axb4 g5 31. Rg6 Rh8 32. Nc4+ Kd5 33. f3 e4 34. Nb6+ Kd6 35. fxe4 fxe4 36. dxe4 Ke5 37. Kd3 Rb8 38. Nd5 Bxd5 39. exd5 Rxb4 40. Rxh6 Kxd5 41. Rg6 Rb3+ 42. Ke2 Ke4 43. Rxg5 Rb2+ 44. Kf1 Rxh2 45. Kg1 Ra2 46. Rg8 Kxe3 47. Rf8 Rb2 48. Rf1 Ke4 49. Rf4+ Ke3 50. Rf7 Ra2 51. Kf1 Rb2 52. Rf5 Ra2 53. Kg1 Rb2 54. Rf8 Ra2 55. Kh1 Rb2 56. Rf1 1-0


[Site "https://www.chess.com"]

[Event "Titled Tuesday Blitz August 1 Early 2023"]
[White "Manukian, Artak"]
[Black "Piesik, Piotr"]
[WhiteFideId "13301373"]
[BlackFideId "1136194"]
[WhiteElo "2454"]
[BlackElo "2603"]
[Result "0-1"]
[Round "8"]
[TimeControl "180+1"]
[Date "2023.08.01"]
[WhiteClock "0:00:00"]
[BlackClock "0:00:57"]
[Board "84"]

1. e4 g6 2. d4 Bg7 3. c4 d6 4. Nc3 Nd7 5. f4 e5 6. d5 exf4 7. Bxf4 Ngf6 8. Nf3 O-O 9. Bd3 Nc5 10. O-O Nxd3 11. Qxd3 Nd7 12. Rae1 Qe7 13. Nb5 Nc5 14. Qc2 a6 15. Nc3 Bg4 16. h3 Bxf3 17. gxf3 Qh4 18. Be3 Qxh3 19. Bxc5 dxc5 20. e5 Qg3+ 21. Qg2 Bxe5 22. Qxg3 Bxg3 23. Re2 f5 24. f4 Rae8 25. Kg2 Bh4 26. Rf3 Rxe2+ 27. Nxe2 Re8 28. Kf1 Re4 29. b3 Bf6 30. Kf2 Bd4+ 31. Kf1 h6 32. Ng3 Re3 33. Kg2 Rxf3 34. Kxf3 Kf7 35. a4 Kf6 36. Ne2 Bb2 37. Kg2 g5 38. Kf2 Kg6 39. Kf3 g4+ 40. Kg3 h5 41. Kh4 Bf6+ 42. Kg3 h4+ 43. Kg2 Kh5 44. Kh2 Kg6 45. Kg2 Kf7 46. Kh2 Ke7 47. a5 Bb2 48. Kg2 Ba3 49. Nc3 Bb4 50. Na4 Kd6 51. Nb2 Bxa5 52. Nd3 Bd2 0-1


[Site "https://www.chess.com"]

[Event "Titled Tuesday Blitz August 1 Early 2023"]
[White "Derige Kane, Yan"]
[Black "Rosh Jain"]
[WhiteFideId "20665431"]
[BlackFideId "25789465"]
[WhiteElo "2603"]
[BlackElo "2466"]
[Result "0-1"]
[Round "8"]
[TimeControl "180+1"]
[Date "2023.08.01"]
[WhiteClock "0:02:04"]
[BlackClock "0:00:51"]
[Board "85"]

1. d4 Nf6 2. c4 e6 3. Nc3 Bb4 4. e3 O-O 5. Bd3 d5 6. Ne2 b6 7. O-O dxc4 8. Bxc4 Bb7 9. a3 Bd6 10. f3 c5 11. e4 cxd4 12. Nxd4 Bxh2+ 13. Kh1 Be5 14. Ndb5 Qe7 15. Bg5 h6 16. Bh4 Rd8 17. Qe1 a6 18. f4 Bxf4 19. Rxf4 g5 20. Qg3 Nh5 21. Qg4 Nxf4 22. Rf1 axb5 23. Nxb5 Ng6 24. Bg3 Nc6 25. Nc7 Nce5 26. Qh5 Qxc7 27. Bxe6 fxe6 28. Rf6 Qg7 29. Rxe6 Bxe4 30. Rxb6 Rd2 31. Bxe5 Nxe5 32. Re6 Bxg2+ 33. Kh2 Nf3+ 34. Kg3 Qc7+ 35. Kg4 Qf4# 0-1


[Site "https://www.chess.com"]

[Event "Titled Tuesday Blitz August 1 Early 2023"]
[White "brm72"]
[Black "Herman, Daniel"]
[BlackFideId "30935008"]
[WhiteElo "2599"]
[BlackElo "2450"]
[Result "1-0"]
[Round "8"]
[TimeControl "180+1"]
[Date "2023.08.01"]
[WhiteClock "0:00:04"]
[BlackClock "0:00:00"]
[Board "86"]

1. e4 e6 2. d4 d5 3. e5 c5 4. c3 Nc6 5. Nf3 Bd7 6. Be2 Rc8 7. O-O Nge7 8. Na3 cxd4 9. cxd4 Nf5 10. Nc2 Be7 11. a3 Na5 12. Ne3 Nxe3 13. Bxe3 Nc4 14. b3 Nxe3 15. fxe3 O-O 16. b4 Qb6 17. Qd2 Bb5 18. Rfc1 f6 19. exf6 Bxf6 20. Bxb5 Qxb5 21. a4 Qb6 22. b5 Qd6 23. Qa5 a6 24. bxa6 Qxa6 25. Qb4 Qe2 26. Re1 Qa6 27. Reb1 Qd3 28. Rb3 Qe2 29. Re1 Qa2 30. Rb2 Qc4 31. Reb1 Qd3 32. Rb3 Qe2 33. h3 Rc2 34. Ne1 Rd2 35. R3b2 Rxb2 36. Qxb2 Qxe3+ 37. Qf2 Qxf2+ 38. Kxf2 Bxd4+ 39. Ke2 b6 40. Nf3 Bc5 41. Rb5 e5 42. a5 e4 43. Ng5 Rf2+ 44. Ke1 Rxg2 45. Ne6 Be3 46. axb6 d4 47. b7 d3 48. b8=Q+ Kf7 49. Qf8+ Kxe6 50. Qf5+ Ke7 51. Qxe4+ Kd6 52. Qxg2 d2+ 53. Kd1 1-0


[Site "https://www.chess.com"]

[Event "Titled Tuesday Blitz August 1 Early 2023"]
[White "vishwa_vijeta"]
[Black "Pandey Srishti"]
[BlackFideId "35093290"]
[WhiteElo "2597"]
[BlackElo "2448"]
[Result "0-1"]
[Round "8"]
[TimeControl "180+1"]
[Date "2023.08.01"]
[WhiteClock "0:00:11"]
[BlackClock "0:00:14"]
[Board "87"]

1. e4 e5 2. Nf3 Nf6 3. d4 Nxe4 4. Bd3 d5 5. Nxe5 Bd6 6. O-O O-O 7. Nd2 Nxd2 8. Bxd2 Nd7 9. Re1 Qh4 10. g3 Qh3 11. Qf3 Nf6 12. Bg5 Ng4 13. Nxg4 Bxg4 14. Qxd5 Qh5 15. Qe4 Bf3 16. Qh4 Qxh4 17. Bxh4 f6 18. g4 Bxg4 19. Bg3 Bxg3 20. hxg3 Rfe8 21. c3 Bf3 22. Bc4+ Kf8 23. Re3 Rxe3 24. fxe3 Re8 25. Re1 g5 26. Rf1 g4 27. Kf2 Kg7 28. Be2 Bxe2 29. Kxe2 Kg6 30. Kd3 f5 31. Rf4 h5 32. e4 fxe4+ 33. Rxe4 Rxe4 34. Kxe4 Kg5 35. Ke3 h4 36. Kf2 h3 37. c4 Kf5 38. d5 Ke5 39. b3 Kd4 40. Kg1 b6 41. Kh2 a5 42. a3 Kc3 43. b4 axb4 44. a4 b3 45. c5 b2 46. cxb6 b1=Q 47. bxc7 Qc2+ 48. Kg1 Qg2# 0-1


[Site "https://www.chess.com"]

[Event "Titled Tuesday Blitz August 1 Early 2023"]
[White "EsmeraldasAnderson03"]
[Black "Karamsetty, Jeevan"]
[BlackFideId "2025337"]
[WhiteElo "2444"]
[BlackElo "2584"]
[Result "1-0"]
[Round "8"]
[TimeControl "180+1"]
[Date "2023.08.01"]
[WhiteClock "0:01:51"]
[BlackClock "0:00:05"]
[Board "88"]

1. d4 d5 2. Nf3 Nf6 3. c4 e6 4. cxd5 exd5 5. Nc3 Bb4 6. Qb3 Nc6 7. e3 O-O 8. Bd2 Be6 9. Bd3 Ne4 10. Qc2 f5 11. O-O a6 12. a3 Bd6 13. Ne2 g5 14. Bc3 g4 15. Ne5 Bxe5 16. dxe5 Nxc3 17. Qxc3 Qg5 18. Nf4 Rae8 19. Rad1 d4 20. Nxe6 Rxe6 21. Qb3 Re8 22. Bc4 Kf7 23. Bxe6+ Rxe6 24. exd4 Nd8 25. d5 Rb6 26. Qc4 Kg8 27. d6+ 1-0


[Site "https://www.chess.com"]

[Event "Titled Tuesday Blitz August 1 Early 2023"]
[White "FREDERICKtheMATE"]
[Black "Saya, Ethan"]
[BlackFideId "26095181"]
[WhiteElo "2434"]
[BlackElo "2584"]
[Result "0-1"]
[Round "8"]
[TimeControl "180+1"]
[Date "2023.08.01"]
[WhiteClock "0:00:27"]
[BlackClock "0:00:17"]
[Board "89"]

1. Nf3 d5 2. g3 Nd7 3. d4 Nb6 4. Bg2 Bf5 5. O-O e6 6. b3 h6 7. Bb2 Nf6 8. Nbd2 Ne4 9. c4 c6 10. Rc1 Be7 11. Ne5 Nxd2 12. Qxd2 Nd7 13. Nxd7 Qxd7 14. Rfe1 O-O 15. e4 dxe4 16. Bxe4 Bxe4 17. Rxe4 Bf6 18. Qe2 Rad8 19. f4 Qc7 20. h4 Rd7 21. Qf2 Qa5 22. Bc3 Qd8 23. h5 c5 24. dxc5 Bxc3 25. Rxc3 Rd1+ 26. Re1 Rd2 27. Re2 Rxe2 28. Qxe2 Qd4+ 29. Qe3 Qd1+ 30. Kg2 Rd8 31. Qf3 Rd2+ 32. Kh3 Qg1 33. f5 Rh2+ 34. Kg4 Qd4+ 35. Qf4 Qxc3 36. fxe6 fxe6 37. Qe4 Qf6 38. b4 Rf2 39. b5 Qf5+ 40. Qxf5 exf5+ 41. Kh3 Rc2 42. c6 bxc6 43. bxc6 Rxc4 44. Kg2 Rxc6 45. Kf3 Ra6 46. Kf4 Rxa2 47. Kxf5 a5 48. g4 a4 49. Kg6 a3 50. g5 Rg2 51. Kf5 Rxg5+ 52. Ke4 Rb5 53. Kd3 Rb8 54. Kc2 a2 55. Kc3 a1=Q+ 56. Kc4 Qa5 57. Kd4 Rb4+ 58. Ke3 Qa3+ 59. Kf2 Rb2+ 60. Kg1 Qa1# 0-1


[Site "https://www.chess.com"]

[Event "Titled Tuesday Blitz August 1 Early 2023"]
[White "Borgaonkar Akshay"]
[Black "WindWhistler11"]
[WhiteFideId "25639110"]
[WhiteElo "2578"]
[BlackElo "2429"]
[Result "1-0"]
[Round "8"]
[TimeControl "180+1"]
[Date "2023.08.01"]
[WhiteClock "0:00:17"]
[BlackClock "0:00:00"]
[Board "90"]

1. Nf3 e6 2. g3 Nf6 3. Bg2 d5 4. O-O g6 5. d3 Bg7 6. c4 O-O 7. Nc3 b6 8. cxd5 exd5 9. d4 Bb7 10. Bf4 Na6 11. Rc1 c6 12. Ne5 Rc8 13. Bh3 Rc7 14. Qa4 Nh5 15. Bd2 c5 16. Nb5 Qe8 17. b3 Re7 18. Nd6 Qxa4 19. bxa4 Ba8 20. f4 f6 21. Nd7 Rd8 22. dxc5 bxc5 23. Nxc5 Nxc5 24. Rxc5 Rxe2 25. Bb4 f5 26. Nb5 a6 27. Nc7 Bd4+ 28. Kh1 Bxc5 29. Bxc5 d4+ 30. Kg1 Be4 31. Ne6 Rc8 32. Bxd4 Rcc2 33. Bf2 Nf6 34. Nd4 Bd3 35. Nxc2 Rxc2 36. Rd1 Bc4 37. Bg2 Ng4 38. Bb6 Rb2 39. a5 Rxa2 40. Rc1 1-0


[Site "https://www.chess.com"]

[Event "Titled Tuesday Blitz August 1 Early 2023"]
[White "Fisabilillah, Ummi"]
[Black "Omorjan, Dejan"]
[WhiteFideId "7104804"]
[BlackFideId "955345"]
[WhiteElo "2430"]
[BlackElo "2578"]
[Result "0-1"]
[Round "8"]
[TimeControl "180+1"]
[Date "2023.08.01"]
[WhiteClock "0:01:21"]
[BlackClock "0:00:52"]
[Board "91"]

1. e4 c6 2. d4 d5 3. f3 g6 4. Nc3 Bg7 5. Be3 Qb6 6. Na4 Qa5+ 7. Nc3 dxe4 8. fxe4 Nf6 9. Qd2 O-O 10. Nf3 Bg4 11. Be2 Rd8 12. e5 Nd5 13. Ne4 Qxd2+ 14. Bxd2 f6 15. exf6 exf6 16. O-O Bxf3 17. Bxf3 f5 18. Nf2 Bxd4 19. c3 Bb6 20. Kh1 Na6 21. Bg5 Re8 22. Nd3 Ne3 23. Rfe1 Nc2 24. Rxe8+ Rxe8 25. Bd1 Nxa1 0-1


[Site "https://www.chess.com"]

[Event "Titled Tuesday Blitz August 1 Early 2023"]
[White "Cnejev, Vladimir-Alexandru"]
[Black "Al Mukhaini, Shima"]
[WhiteFideId "1260898"]
[BlackFideId "22005854"]
[WhiteElo "2575"]
[BlackElo "2428"]
[Result "1-0"]
[Round "8"]
[TimeControl "180+1"]
[Date "2023.08.01"]
[WhiteClock "0:00:59"]
[BlackClock "0:01:33"]
[Board "92"]

1. Nf3 d5 2. b3 Nf6 3. Bb2 Bf5 4. e3 e6 5. h3 Be7 6. g4 Bg6 7. Rg1 h6 8. Ne5 Bh7 9. f4 Nbd7 10. d3 Nxe5 11. Bxe5 Nd7 12. Bxg7 Bh4+ 13. Kd2 Rg8 14. Bb2 Bf6 15. Bxf6 Qxf6 16. Nc3 d4 17. Ne4 Bxe4 18. dxe4 dxe3+ 19. Kxe3 O-O-O 20. Bd3 e5 21. Qf3 exf4+ 22. Qxf4 Qb6+ 23. Ke2 f6 24. Raf1 Rge8 25. Qxh6 Re6 26. Qe3 Qd6 27. Rg2 Kb8 28. Rgf2 Rde8 29. Kf3 Ne5+ 30. Kg2 Ng6 31. Qg3 Qd4 32. h4 Ne5 33. Rf4 a6 34. Qf2 Nxd3 35. Qxd4 Nxf4+ 36. Rxf4 Rd6 37. Qf2 Red8 38. Qg3 Rd2+ 39. Rf2 R2d4 40. Rxf6 Rxe4 41. h5 Rd2+ 42. Rf2 1-0


[Site "https://www.chess.com"]

[Event "Titled Tuesday Blitz August 1 Early 2023"]
[White "Tologon tegin, Semetei"]
[Black "Bazilius, Augustinas"]
[WhiteFideId "13800574"]
[BlackFideId "12832251"]
[WhiteElo "2574"]
[BlackElo "2428"]
[Result "0-1"]
[Round "8"]
[TimeControl "180+1"]
[Date "2023.08.01"]
[WhiteClock "0:00:05"]
[BlackClock "0:00:08"]
[Board "93"]

1. e4 e6 2. d4 d5 3. e5 c5 4. c3 a6 5. Nf3 Bd7 6. Bd3 Nc6 7. O-O cxd4 8. cxd4 Qb6 9. Be2 Nge7 10. Nc3 Nf5 11. Na4 Qa7 12. Be3 b5 13. Nc3 b4 14. Na4 Na5 15. Rc1 Bb5 16. Nc5 Bxe2 17. Qxe2 Nc4 18. b3 Bxc5 19. bxc4 Nxd4 20. Bxd4 Bxd4 21. cxd5 exd5 22. e6 O-O 23. Ng5 Qe7 24. Qh5 h6 25. exf7+ Rxf7 26. Nxf7 Qxf7 27. Qxf7+ Kxf7 28. Rfd1 Bc3 29. Rxd5 Re8 30. Kf1 Ra8 31. Ra5 Ra7 32. a3 Bb2 33. Rc6 bxa3 34. Rcxa6 Rc7 35. Ra7 Rxa7 36. Rxa7+ Ke6 37. Ke2 Kd5 38. Kd3 Kc5 39. Kc2 Kb4 40. Rb7+ Kc4 41. f4 Kd5 42. g4 Ke4 43. Rf7 Bf6 44. h4 a2 45. Rxf6 gxf6 46. Kb2 Kxf4 47. g5 fxg5 48. hxg5 hxg5 49. Kxa2 g4 0-1


[Site "https://www.chess.com"]

[Event "Titled Tuesday Blitz August 1 Early 2023"]
[White "Begunov, Konstantin"]
[Black "Ahmad, Khagan"]
[WhiteFideId "4118510"]
[BlackFideId "13431552"]
[WhiteElo "2415"]
[BlackElo "2570"]
[Result "0-1"]
[Round "8"]
[TimeControl "180+1"]
[Date "2023.08.01"]
[WhiteClock "0:00:09"]
[BlackClock "0:00:06"]
[Board "94"]

1. d4 Nf6 2. c4 e6 3. Nf3 d5 4. Nc3 Bb4 5. Qa4+ Nc6 6. Ne5 Bd7 7. Nxc6 Bxc3+ 8. bxc3 Bxc6 9. Qb3 dxc4 10. Qxc4 O-O 11. Bg5 h6 12. Bh4 g5 13. Bg3 Ne4 14. f3 Nxg3 15. hxg3 Kg7 16. e4 Qd6 17. Kf2 f5 18. e5 Qd5 19. Qd3 b5 20. Be2 a6 21. Bd1 Qc4 22. Qxc4 bxc4 23. Rb1 Rab8 24. Be2 Bd5 25. Ke3 f4+ 26. gxf4 gxf4+ 27. Kd2 Kh7 28. Rhc1 Rg8 29. Bf1 h5 30. Kc2 h4 31. Rxb8 Rxb8 32. Rb1 Rxb1 33. Kxb1 Kg6 34. Kc2 Kf5 35. Be2 c5 36. Kb2 a5 37. Ka3 cxd4 38. cxd4 c3 39. Bd3+ Kg5 40. Ka4 Bxa2 41. Bc2 Bc4 42. Kxa5 Bf1 43. Kb4 Bxg2 44. d5 exd5 45. Kc5 h3 46. e6 Kf6 47. Kd6 Bxf3 48. Bg6 c2 49. e7 c1=Q 50. e8=Q Qa3+ 51. Kc7 Qa7+ 52. Kd6 Qb6+ 53. Kd7 Qb5+ 54. Kd6 Qxe8 55. Bxe8 h2 56. Bh5 h1=Q 57. Bxf3 Qxf3 58. Kc5 Qe4 0-1


[Site "https://www.chess.com"]

[Event "Titled Tuesday Blitz August 1 Early 2023"]
[White "Martin, Lewis"]
[Black "Postlmayer, Jakob"]
[WhiteFideId "410551"]
[BlackFideId "1643622"]
[WhiteElo "2302"]
[BlackElo "2558"]
[Result "0-1"]
[Round "8"]
[TimeControl "180+1"]
[Date "2023.08.01"]
[WhiteClock "0:00:00"]
[BlackClock "0:00:34"]
[Board "95"]

1. e4 c5 2. Nf3 d6 3. d4 cxd4 4. Nxd4 Nf6 5. Nc3 a6 6. h3 e5 7. Nde2 h5 8. g3 Be7 9. Bg2 b5 10. Bg5 Nbd7 11. a3 Bb7 12. O-O Rc8 13. Qd2 Qc7 14. Rad1 Nb6 15. b3 O-O 16. Bxf6 Bxf6 17. Qxd6 Be7 18. Qxc7 Rxc7 19. Ra1 Rfc8 20. a4 b4 21. Nd5 Bxd5 22. exd5 Rxc2 23. Rfe1 Bd6 24. Rac1 f5 25. Kf1 Kf7 26. Rxc2 Rxc2 27. Rc1 Rxc1+ 28. Nxc1 Kf6 29. Nd3 e4 30. Nb2 Ke5 31. Ke2 Kxd5 32. f3 Bxg3 33. fxe4+ fxe4 34. a5 Nd7 35. Nd3 Bd6 36. Ke3 Nf6 37. Nf4+ Ke5 38. Ng6+ Kf5 39. Nh4+ Kg5 40. Bxe4 Kxh4 41. Bf5 Bc7 42. Kd4 Bxa5 43. Kc4 Bd8 44. Kxb4 a5+ 45. Kb5 g5 46. b4 axb4 47. Kxb4 Bc7 48. Kc4 Kg3 49. Kd3 Kf4 50. Bc8 Ne4 51. Ke2 Bb6 52. Kf1 Kg3 53. Ke2 Nf2 0-1


[Site "https://www.chess.com"]

[Event "Titled Tuesday Blitz August 1 Early 2023"]
[White "Klukin, Kirill"]
[Black "Namitbir Singh Walia"]
[WhiteFideId "24199273"]
[BlackFideId "35071068"]
[WhiteElo "2684"]
[BlackElo "2415"]
[Result "1-0"]
[Round "8"]
[TimeControl "180+1"]
[Date "2023.08.01"]
[WhiteClock "0:00:21"]
[BlackClock "0:00:03"]
[Board "96"]

1. d4 d5 2. Nf3 Nf6 3. c4 c6 4. Nc3 e6 5. e3 Nbd7 6. Qc2 Bd6 7. Bd3 O-O 8. O-O dxc4 9. Bxc4 e5 10. Rd1 Qe7 11. e4 exd4 12. Nxd4 Ne5 13. Be2 Ng6 14. Nf5 Bxf5 15. exf5 Nf4 16. Bf3 Rfe8 17. Be3 N4d5 18. Bxd5 Ng4 19. Bf3 Bxh2+ 20. Kf1 Nxe3+ 21. fxe3 Bg3 22. Ne4 Qh4 23. Nxg3 Qxg3 24. Qf2 Qg5 25. e4 Rad8 26. Kg1 g6 27. Qxa7 gxf5 28. exf5 Rxd1+ 29. Rxd1 Qxf5 30. Qd4 Re6 31. Qg4+ 1-0


[Site "https://www.chess.com"]

[Event "Titled Tuesday Blitz August 1 Early 2023"]
[White "Skliarov, Viktor"]
[Black "Shubenkova, Veronika"]
[WhiteFideId "14106736"]
[BlackFideId "44124040"]
[WhiteElo "2655"]
[BlackElo "2507"]
[Result "0-1"]
[Round "8"]
[TimeControl "180+1"]
[Date "2023.08.01"]
[WhiteClock "0:00:00"]
[BlackClock "0:01:31"]
[Board "97"]

1. e4 e6 2. d4 d5 3. e5 c5 4. c3 Nc6 5. Nf3 cxd4 6. cxd4 Qb6 7. Nc3 Bd7 8. a3 a5 9. Na4 Qa7 10. Be3 Nh6 11. Bd3 Ng4 12. O-O Nxe3 13. fxe3 Be7 14. Qe1 Nxd4 15. exd4 Bxa4 16. Qg3 g6 17. Kh1 Bc6 18. Ng5 Bxg5 19. Qxg5 Qxd4 20. Rxf7 Kxf7 21. Rf1+ Ke8 22. Qf6 Qxd3 23. Qxh8+ Ke7 24. Qg7+ Kd8 25. Rf8+ Be8 26. h3 Qb5 27. Qxh7 Rc8 28. Qxg6 Qd7 29. Qg3 d4 30. Rf3 Rc5 31. Rd3 Rd5 32. Qe1 Qh7 33. Qd2 Qe4 34. Rf3 d3 35. Rf4 Qe2 36. Qc1 d2 0-1


[Site "https://www.chess.com"]

[Event "Titled Tuesday Blitz August 1 Early 2023"]
[White "Timerkhanov, Alexander"]
[Black "Rama, Tejas"]
[WhiteFideId "24177938"]
[BlackFideId "30907381"]
[WhiteElo "2630"]
[BlackElo "2490"]
[Result "1-0"]
[Round "8"]
[TimeControl "180+1"]
[Date "2023.08.01"]
[WhiteClock "0:00:20"]
[BlackClock "0:00:03"]
[Board "98"]

1. d4 Nf6 2. Bg5 d5 3. Nd2 c5 4. e3 Nc6 5. c3 Qb6 6. Qb3 c4 7. Qxb6 axb6 8. a3 b5 9. Bxf6 gxf6 10. Rc1 h5 11. e4 dxe4 12. Nxe4 Bh6 13. Rd1 Na5 14. h4 Nb3 15. Be2 Bf5 16. Bf3 Nc1 17. Ng3 Bc2 18. Bxb7 Rb8 19. Bc6+ Kf8 20. Rd2 Nd3+ 21. Ke2 Bxd2 22. Kxd2 Bb3 23. Nh3 Nxb2 24. Nf4 Rb6 25. d5 Ra6 26. Rb1 Na4 27. Bxb5 Ra5 28. Bc6 Nc5 29. a4 Nxa4 30. Ra1 Ra6 31. Nf5 Nc5 32. Rxa6 Nxa6 33. Ke3 e5 34. dxe6 Nc7 35. e7+ Kg8 36. e8=Q+ Nxe8 37. Bxe8 Bc2 38. Bd7 Kh7 39. Nxh5 Rd8 40. Nd4 Bg6 41. Bg4 f5 42. Bf3 Kg8 43. Nf4 Re8+ 44. Kd2 Ra8 45. Bd5 Ra2+ 46. Ke3 Kg7 47. Bxc4 Ra3 48. Kd3 Ra5 49. Bd5 Kf6 50. Nf3 Bh7 51. c4 Ra3+ 52. Kd4 Bg8 53. c5 Ke7 54. Bc4 Ra4 55. Nd5+ Ke8 56. Nf6+ Kf8 57. Nxg8 Kxg8 58. c6 Kf8 59. Kc5 Ke7 60. Nd4 Kd8 61. Nxf5 Ra5+ 62. Bb5 Ra2 63. Kb6 Rc2 64. Nd6 Ke7 65. Nc4 1-0


[Site "https://www.chess.com"]

[Event "Titled Tuesday Blitz August 1 Early 2023"]
[White "Bochnicka, Vladimir"]
[Black "Kvaloy, Aksel Bu"]
[WhiteFideId "14943450"]
[BlackFideId "1528815"]
[WhiteElo "2456"]
[BlackElo "2625"]
[Result "1-0"]
[Round "8"]
[TimeControl "180+1"]
[Date "2023.08.01"]
[WhiteClock "0:02:14"]
[BlackClock "0:01:11"]
[Board "99"]

1. e4 f5 2. exf5 Nf6 3. g4 d5 4. g5 Ne4 5. Qh5+ Kd7 6. d3 Nd6 7. g6 h6 8. Nf3 c6 9. Bf4 Kc7 10. c4 Na6 11. Nc3 b6 12. cxd5 cxd5 13. Nxd5+ Kb7 14. Nd4 Nxf5 15. Bg2 Nc5 16. Nb4+ Ne4 17. Bxe4+ Qd5 18. Bxd5# 1-0


[Site "https://www.chess.com"]

[Event "Titled Tuesday Blitz August 1 Early 2023"]
[White "Belov, Alexei"]
[Black "Fontaine, Quentin"]
[WhiteFideId "4128206"]
[BlackFideId "230804"]
[WhiteElo "2606"]
[BlackElo "2465"]
[Result "0-1"]
[Round "8"]
[TimeControl "180+1"]
[Date "2023.08.01"]
[WhiteClock "0:00:02"]
[BlackClock "0:00:06"]
[Board "100"]

1. e4 e5 2. Nf3 Nc6 3. Bb5 a6 4. Ba4 Nf6 5. d4 exd4 6. O-O Be7 7. e5 Nd5 8. Nxd4 Nxd4 9. Qxd4 Nb6 10. Bb3 O-O 11. Nc3 d6 12. Bf4 dxe5 13. Bxe5 Qxd4 14. Bxd4 Bf5 15. Rfe1 Rfe8 16. h3 Bf8 17. Be5 c6 18. Bc7 Bc5 19. g4 Bg6 20. Kf1 Rac8 21. Rxe8+ Rxe8 22. Rd1 Rc8 23. Bg3 h5 24. f4 hxg4 25. hxg4 Kf8 26. f5 Bh7 27. Ne4 Be7 28. Nd6 Rd8 29. Ke2 g6 30. Be5 gxf5 31. gxf5 Nd5 32. Bxd5 cxd5 33. Rxd5 Bxf5 34. c4 Be6 35. Rd4 f6 36. Bf4 b6 37. b3 a5 38. Ke3 Kg7 39. Ne4 Rh8 40. Bd6 Rh3+ 41. Kf4 Bd8 42. Ng3 Rh4+ 43. Ke3 Rh3 44. Kf2 Rh2+ 45. Kf3 Rxa2 46. Re4 Bf7 47. Be7 Bxe7 48. Nf5+ Kf8 49. Nxe7 Ra3 50. Re3 Bxc4 51. Nc6 Rxb3 52. Rxb3 Bxb3 53. Nd4 Bd5+ 54. Kf4 a4 55. Nc2 Bb3 56. Na3 Kf7 57. Kf5 Bd5 58. Nb5 Bc6 59. Na3 b5 60. Nc2 b4 61. Nxb4 Bb5 62. Nc2 Bd3+ 0-1


[Site "https://www.chess.com"]